 Dungeon Crawl Stone Soup version 0.20-a0-286-gae82e34 (webtiles) character file.

14 Junicave the Digger (level 2, -2/15 HPs)
             Began as a Gargoyle Earth Elementalist on Dec 14, 2016.
             Slain by a worm (10 damage)
             ... on level 2 of the Dungeon.
             The game lasted 00:03:14 (878 turns).

Junicave the Digger (Gargoyle Earth Elementalist)    Turns: 878, Time: 00:03:14

Health: -2/15      AC:  5    Str: 11    XL:     2   Next: 41%
Magic:  0/5        EV: 18    Int: 15    God:
Gold:   8          SH:  0    Dex: 14    Spells: 4/5 levels left

rFire  . . .     SeeInvis .     r - -2 short sword (curse)
rCold  . . .     Gourm    .     c - +0 robe
rNeg   + . .     Faith    .     (no shield)
rPois  ∞         Spirit   .     a - +0 helmet
rElec  +         Reflect  .     (no cloak)
rCorr  .         Harm     .     (no gloves)
MR     .....                    (no boots)
Stlth  ++........               (no amulet)
                                m - +4 ring of dexterity
                                h - +6 ring of evasion

@: no status effects
A: negative energy resistance 1, electricity resistance, unbreathing,
petrification resistance, rot immunity, AC +2
a: no special abilities


You were on level 2 of the Dungeon.
You were not hungry.

You visited 1 branch of the dungeon, and saw 2 of its levels.

You collected 8 gold pieces.

Inventory:

Hand Weapons
 f - a +0 short sword
 l - a +0 whip
 r - a cursed -2 short sword (weapon)
Missiles
 b - 126 stones (quivered)
Armour
 a - a +0 helmet (worn)
 c - a +0 robe (worn)
Jewellery
 h - a +6 ring of evasion (left hand)
 m - a +4 ring of dexterity (right hand)
Scrolls
 g - 4 scrolls of identify {unknown}
 k - 2 scrolls of magic mapping {unknown}
 o - a scroll of remove curse {unknown}
Potions
 i - a potion of ambrosia {unknown}
 j - a potion of curing {unknown}
 q - a potion of heal wounds {unknown}
Books
 e - a book of Geomancy

   Spells                             Type                      Level
   a - Sandblast                      Earth                        1
   b - Passwall                       Transmutation/Earth          2
   c - Stone Arrow                    Conjuration/Earth            3
   d - Petrify                        Transmutation/Earth          4
   e - Lee's Rapid Deconstruction     Earth                        5
Comestibles
 d - a bread ration
 n - a royal jelly
 p - a beef jerky


   Skills:
 + Level 0.2 Fighting
 - Level 1.5 Dodging
 - Level 2.1 Stealth
 * Level 2.1 Spellcasting
   Level 0.7 Transmutations
 + Level 4.3 Earth Magic


You had 4 spell levels left.
You knew the following spells:

 Your Spells              Type           Power        Failure   Level  Hunger
a - Sandblast             Erth           ##....       4%          1    #......


Dungeon Overview and Level Annotations

Branches:
Dungeon (2/15)

Altars:


Innate Abilities, Weirdness & Mutations

You are resistant to torment.
Your stone body is resilient. (AC +2)
You are immune to poison.
You resist negative energy. (rN+)
You are resistant to electric shocks. (rElec)
You can survive without breathing.
You are immune to petrification.
You are immune to rotting.


Message History

You don't have enough magic to cast that spell.
Unknown command.
You hit the worm.
The worm is heavily wounded.
The worm misses you.
You hit the worm but do no damage.
The worm is heavily wounded.
Casting: Sandblast
Confirm with . or Enter, or press ? or * to list all spells.
Aiming: Sandblast
Press: ? - help, Shift-Dir - straight line, f/p - worm
Aim: a worm (heavily wounded)
The blast of sand hits the worm.
The worm is severely wounded.
The worm barely misses you.
You barely miss the worm.
The worm is severely wounded.
The worm bites you!
Ouch! That really hurt!
You die...

# #.##..........#†#
#.##.##........#...#
#..<....##...#######
####.<.......#
#######.### ##.##
#...# #...#
#..@######
#..w.....#
#...####.#
.............#
...........?.#
.............#
#####...####.# #....
.. #.... .


You could see a worm.

Vanquished Creatures
  A bat (D:1)
  2 giant cockroaches (D:1)
  3 goblins (D:1)
  4 kobolds
  A quokka (D:2)
11 creatures vanquished.

Notes
Turn   | Place    | Note
-------+----------+-------------------------------------------
     0 | D:1      | Junicave the Gargoyle Earth Elementalist began the quest for the Orb.
     0 | D:1      | Reached XP level 1. HP: 10/10 MP: 3/3
   258 | D:1      | Reached skill level 4 in Earth Magic
   290 | D:1      | Reached XP level 2. HP: 15/15 MP: 3/5
   878 | D:2      | Slain by a worm

Vault maps used:
D:1:      kennysheep_arrival_forest, hangedman_decor_peaks_small
D:2:      first_bread

Skill      XL: |  1 |
---------------+----+-----
Earth Magic    | 4 |  4.3
Fighting       | |  0.2
Dodging        | |  1.5
Stealth        | |  2.1
Spellcasting   | |  2.1
Transmutations | |  0.7

Action                   || total
-------------------------++-------
Melee: Unarmed           ||     3
       Short sword       ||    10
       Whip              ||     4
 Cast: Sandblast         ||    26
 Stab: Sleeping          ||     1
Armor: Robe              ||     6
Dodge: Dodged            ||    22
